 Dungeon Sprint DCSS version 0.17-a0-1625-g47e540b (webtiles) character file.

5218 Kidiri the Blocker (level 10, -1/68 HPs)
             Began as a Gargoyle Fighter on Aug 2, 2015.
             Was a High Priest of Okawaru.
             Slain by a death yak (15 damage)
             ... in the Dungeon (Sprint IX: "|||||||||||||||||||||||||||||").
             The game lasted 00:07:02 (1305 turns).

Kidiri the Blocker (Gargoyle Fighter)               Turns: 1305, Time: 00:07:02

Health: -1/68      AC: 20    Str: 25    XL:     10   Next: 61%
Magic:  14/16      EV: 20    Int:  8    God:    Okawaru [*****.]
Gold:   13         SH: 16    Dex: 19    Spells: 0 memorised, 9 levels left

rFire  + . .     SeeInvis .     p - +2 morningstar of Ruten {drain, -Tele Str+4 Dex+2}
rCold  . . .     Clarity  .     r - +1 scale mail
rNeg   + . .     SustAt   .     c - +0 shield
rPois  ∞         Gourm    .     q - +0 helmet
rElec  +         Spirit   .     (no cloak)
rCorr  .         Warding  .     (no gloves)
rMut   .         NoTele   +     (no boots)
MR     .....                    (no amulet)
Stlth  ++........               b - +3 ring of dexterity
                                t - ring of protection from fire

@: heroism, not resistant to hostile enchantments, unstealthy
A: hooves 1, agile 1, negative energy resistance 1, electricity resistance,
unbreathing, petrification resistance, no device heal 1, rot immunity, AC +7
a: Heroism, Finesse, Renounce Religion


You were in the Dungeon.
You worshipped Okawaru.
Okawaru was extremely pleased with you.
You were not hungry.

You visited 1 branch You collected 13 gold pieces.

Inventory:

Hand weapons
 p - the +2 morningstar of Ruten (weapon) {drain, -Tele Str+4 Dex+2}
   (You found it in the Dungeon)

   A truly terrible weapon, it drains the life of those it strikes.
   It affects your strength (+4).
   It affects your dexterity (+2).
   It prevents most forms of teleportation.
Armour
 c - a +0 shield (worn)
 q - a +0 helmet (worn)
 r - a +1 scale mail (worn)
Jewellery
 a - a +3 ring of intelligence
 b - a +3 ring of dexterity (right hand)
 t - a ring of protection from fire (left hand)
Magical devices
 o - a wand of cold (7)
Scrolls
 k - 3 scrolls of blinking
 m - 4 scrolls of remove curse
 n - 2 scrolls of amnesia
 u - a scroll of fog
 v - 2 scrolls of recharging
Potions
 d - 2 potions of might
 f - a potion of invisibility
 g - 5 potions of heal wounds
 h - 2 potions of haste
 i - 4 potions of magic
 j - a potion of berserk rage
 l - 4 potions of curing
 s - a potion of brilliance
Comestibles
 e - a bread ration
 w - 10 chunks of flesh


   Skills:
 + Level 9.8(14.8) Fighting
 * Level 11.8(16.8) Maces & Flails
 * Level 13.1(18.1) Armour
 + Level 7.1(12.1) Dodging
 * Level 13.1(18.1) Shields
 + Level 8.4 Invocations


You had 9 spell levels left.
You didn't know any spells.

Dungeon Overview and Level Annotations

Branches:
Dungeon (1/1)

Altars:
Cheibriados
Dithmenos
Elyvilon
Fedhas
Gozag
Kikubaaqudgha
Makhleb
Nemelex Xobeh
Okawaru
Qazlal
Ru
Sif Muna
Trog
Vehumet
Xom
Yredelemnul
Zin
The Shining One
Beogh
Jiyva
Lugonu


Innate Abilities, Weirdness & Mutations

You are resistant to torment.
Your stone body is resilient (AC +7).
You are immune to poison.
You resist negative energy.
You are resistant to electric shocks.
You can survive without breathing.
You are immune to petrification.
You are immune to rotting.
You have large cloven feet.
You are agile. (Dex +2)
Potions and wands are less effective at restoring your health.


Message History

The death yak gores you!!
* * * LOW HITPOINT WARNING * * *
Drink which item? (? for menu, Esc to quit)
You feel much better. You block the death yak's attack.
You barely miss the death yak.
You kick the death yak, but do no damage.
The death yak is lightly wounded.
The death yak barely misses you.
You hit the death yak but do no damage. Your kick misses the death yak.
The death yak is lightly wounded.
The death yak gores you!
You hit the death yak.
You kick the death yak, but do no damage.
The death yak is lightly wounded.
The death yak gores you!
* * * LOW HITPOINT WARNING * * *
Use which ability? (? or * to list)
You gain the combat prowess of a mighty hero.
You feel slightly more hungry. The death yak gores you!
You die...

▓▓▓▓▓▓▓▓▓▓▓▓▓▓▓▓▓▓▓▓▓▓▓▓▓▓▓▓▓▓▓▓▓
_______________'..|).[[..)......[
▓▓▓▓▓▓▓▓▓▓▓▓▓▓▓▓▓▓▓▓▓▓▓▓▓▓▓▓▓▓▓▓▓
.................................
▓▓▓▓▓▓▓▓▓▓▓▓▓▓▓▓▓▓▓▓▓▓▓▓▓▓▓▓▓▓▓▓▓
.......÷........@YYYYYY.
▓▓▓▓▓▓▓▓▓▓▓▓▓▓▓▓▓▓▓▓▓▓▓▓


You could see 4 death yaks, a catoblepas and a yak.

Vanquished Creatures
  A hydra (D)
  2 death yaks (D)
  A hill giant (D)
  A black mamba (D)
  A torpor snail (D)
  A spiny frog (D)
  A komodo dragon (D)
  A troll (D)
  A polar bear (D)
  2 yaks (D)
  A basilisk (D)
  A hippogriff (D)
  2 water moccasins (D)
  A crocodile (D)
  A big kobold (D)
  2 giant frogs (D)
  A scorpion (D)
  A killer bee (D)
  A crimson imp (D)
  2 jellies (D)
  An orc wizard (D)
  An iguana (D)
  A worker ant (D)
  2 adders (D)
  3 river rats (D)
  2 orcs (D)
  A bat zombie (D)
  A giant cockroach (D)
  A jackal (D)
  A bat (D)
  3 rats (D)
42 creatures vanquished.

Notes
Turn   | Place    | Note
--------------------------------------------------------------
     0 | D        | Kidiri the Gargoyle Fighter began the quest for the Orb.
     0 | D        | Reached XP level 1. HP: 14/14 MP: 1/1
    29 | D        | Noticed a jelly
    29 | D        | Noticed a scorpion
    31 | D        | Killed a jelly
    31 | D        | Reached skill level 4 in Fighting
    31 | D        | Reached skill level 1 in Dodging
    31 | D        | Reached XP level 2. HP: 5/20 MP: 2/2
    31 | D        | Reached XP level 3. HP: 6/24 MP: 3/3
    38 | D        | HP: 1/24 [adder (2)]
    42 | D        | Reached skill level 5 in Shields
    53 | D        | Killed a scorpion
    53 | D        | Reached skill level 5 in Armour
    53 | D        | Reached XP level 4. HP: 7/30 MP: 4/4
   285 | D        | Found a glowing silver altar of Zin.
   285 | D        | Found a glowing golden altar of the Shining One.
   285 | D        | Found an ancient bone altar of Kikubaaqudgha.
   285 | D        | Found a basalt altar of Yredelemnul.
   285 | D        | Found a shimmering altar of Xom.
   285 | D        | Found a radiant altar of Vehumet.
   286 | D        | Found an iron altar of Okawaru.
   287 | D        | Found a burning altar of Makhleb.
   288 | D        | Found a deep blue altar of Sif Muna.
   289 | D        | Found a bloodstained altar of Trog.
   290 | D        | Found a sparkling altar of Nemelex Xobeh.
   291 | D        | Found a white marble altar of Elyvilon.
   292 | D        | Found a roughly hewn altar of Beogh.
   293 | D        | Found a viscous altar of Jiyva.
   294 | D        | Became a worshipper of Warmaster Okawaru
   295 | D        | Found a corrupted altar of Lugonu.
   296 | D        | Found a blossoming altar of Fedhas.
   297 | D        | Found a snail-covered altar of Cheibriados.
   298 | D        | Found a shadowy altar of Dithmenos.
   299 | D        | Found a stormy altar of Qazlal.
   300 | D        | Found an opulent altar of Gozag.
   301 | D        | Found a sacrificial altar of Ru.
   320 | D        | Got the +2 morningstar of Ruten {drain, -Tele Str+4 Dex+2}
   358 | D        | Noticed an orc wizard
   358 | D        | Noticed a yak
   358 | D        | Noticed a big kobold
   358 | D        | Noticed a worker ant
   358 | D        | Noticed a jelly
   360 | D        | Killed an orc wizard
   360 | D        | Reached skill level 5 in Maces & Flails
   360 | D        | Reached skill level 6 in Armour
   360 | D        | Reached XP level 5. HP: 34/34 MP: 5/5
   365 | D        | Killed a yak
   365 | D        | Reached skill level 5 in Fighting
   365 | D        | Reached skill level 7 in Armour
   365 | D        | Reached XP level 6. HP: 29/41 MP: 5/7
   375 | D        | Killed a big kobold
   375 | D        | Acquired Okawaru's first power
   375 | D        | Reached skill level 8 in Shields
   377 | D        | Killed a worker ant
   382 | D        | Killed a jelly
   534 | D        | Noticed a crimson imp
   534 | D        | Noticed a troll
   534 | D        | Noticed a hill giant
   534 | D        | Noticed a killer bee
   539 | D        | Killed a crimson imp
   539 | D        | Reached XP level 7. HP: 45/47 MP: 9/9
   551 | D        | Killed a hill giant
   551 | D        | Reached skill level 9 in Armour
   551 | D        | Reached skill level 5 in Invocations
   551 | D        | Reached XP level 8. HP: 30/53 MP: 9/11
   554 | D        | Killed a troll
   554 | D        | Reached skill level 10 in Armour
   554 | D        | Reached skill level 5 in Dodging
   554 | D        | Reached skill level 10 in Shields
   566 | D        | Killed a killer bee
   796 | D        | Gained mutation: You are agile. (Dex +2) [potion of mutation]
   796 | D        | Gained mutation: Potions and wands are less effective at restoring your health. [potion of mutation]
   796 | D        | Gained mutation: You have large cloven feet. [potion of mutation]
   813 | D        | Noticed a five-headed hydra
   813 | D        | Noticed a water moccasin
   813 | D        | Noticed a hippogriff
   813 | D        | Noticed an iguana
   813 | D        | Noticed a yak
   813 | D        | Noticed a spiny frog
   816 | D        | Noticed a basilisk
   826 | D        | Killed a five-headed hydra
   826 | D        | Reached skill level 11 in Shields
   826 | D        | Reached XP level 9. HP: 30/59 MP: 10/13
   828 | D        | Killed a water moccasin
   828 | D        | Reached skill level 10 in Maces & Flails
   831 | D        | Noticed a giant frog
   833 | D        | Noticed a giant frog
   835 | D        | Killed a hippogriff
   837 | D        | Killed an iguana
   841 | D        | Killed a yak
   843 | D        | Killed a spiny frog
   846 | D        | Killed a basilisk
   850 | D        | Killed a giant frog
   855 | D        | Killed a giant frog
   987 | D        | Noticed a crocodile
   987 | D        | Noticed a water moccasin
   987 | D        | Noticed a black mamba
   987 | D        | Noticed a torpor snail
   990 | D        | Killed a crocodile
   995 | D        | Killed a black mamba
   995 | D        | Reached skill level 12 in Armour
  1002 | D        | Killed a water moccasin
  1003 | D        | Reached XP level 10. HP: 34/66 MP: 15/15
  1009 | D        | Killed a torpor snail
  1013 | D        | Noticed a komodo dragon
  1016 | D        | Noticed a polar bear
  1234 | D        | Killed a komodo dragon
  1240 | D        | Killed a polar bear
  1240 | D        | Acquired Okawaru's second power
  1279 | D        | Noticed a death yak
  1279 | D        | Noticed a yak
  1279 | D        | Noticed a death yak
  1279 | D        | Noticed a death yak
  1279 | D        | Noticed a death yak
  1279 | D        | Noticed a death yak
  1284 | D        | Noticed a catoblepas
  1287 | D        | Noticed a death yak
  1290 | D        | Killed a death yak
  1299 | D        | Killed a death yak
  1299 | D        | Reached skill level 13 in Armour
  1305 | D        | Slain by a death yak

Vault maps used:
D:        linesprint

Action                   |  1- 3 |  4- 6 |  7- 9 | 10-12 || total
-------------------------+-------+-------+-------+-------++-------
Melee: Flail             |    34 |       |       |       ||    34
       Morningstar       |       |    29 |    82 |    45 ||   156
Invok: Heroism           |       |       |     1 |     1 ||     2
  Use: Potion            |     1 |       |     2 |     1 ||     4
  Eat: Chunk             |       |       |     1 |     1 ||     2
